BOTTOM OF THE 1ST |
Balzac Rams batting - Pitching for Bismark Border Guards : RHP Nick Clark
|
Pitching: RHP Nick Clark
|
|
Batting: RHB Jesús Velásquez
|
0-0: Called Strike 0-1: Ball 1-1: Ball 2-1: Fly out, F3 (Flyball, 34D)
|
Batting: LHB Greg Sharpe
|
0-0: Ball 1-0: Swinging Strike 1-1: Ball 2-1: Called Strike 2-2: Fly out, F3 (Line Drive, 34)
|
Batting: LHB Fernando Cruz
|
0-0: Called Strike 0-1: Foul Ball, location: 2F 0-2: Fly out, F6 (Popup, 6D)
|
Bottom of the 1st over - 0 runs, 0 hits, 0 errors, 0 left on base; Bismark 3 - Balzac 0 |
TOP OF THE 2ND |
Bismark Border Guards batting - Pitching for Balzac Rams : RHP José Carrillo
|
Batting: RHB José Vidal
|
0-0: Called Strike 0-1: Fly out, F7 (Flyball, 7)
|
Batting: RHB Alfredo Farías
|
0-0: Ball 1-0: Called Strike 1-1: Foul Ball, location: 2F 1-2: Ball 2-2: Ball 3-2: Foul Ball, location: 2F 3-2: Strikes out swinging
|
Batting: RHB Warren Martin
|
0-0: Foul Ball, location: 2F 0-1: Foul Ball, location: 2F 0-2: Ball 1-2: Strikes out looking
|
Top of the 2nd over - 0 runs, 0 hits, 0 errors, 0 left on base; Bismark 3 - Balzac 0 |
BOTTOM OF THE 2ND |
Balzac Rams batting - Pitching for Bismark Border Guards : RHP Nick Clark
|
Batting: LHB Javier Orozco
|
0-0: Ball 1-0: Ball 2-0: Called Strike 2-1: Fly out, F8 (Flyball, 8RS)
|
Batting: RHB Lorenzo Silva
|
0-0: Ball 1-0: Called Strike 1-1: Foul Ball, location: 2F 1-2: Ball 2-2: Ground out 4-3 (Groundball, 4M)
|
Batting: LHB T.J. Richardson
|
0-0: Ball 1-0: Ball 2-0: Ball 3-0: Base on Balls
|
Batting: RHB Paul Spencer
|
0-0: Called Strike T.J. Richardson is caught stealing 2nd base
|
Bottom of the 2nd over - 0 runs, 0 hits, 0 errors, 0 left on base; Bismark 3 - Balzac 0 |
TOP OF THE 3RD |
Bismark Border Guards batting - Pitching for Balzac Rams : RHP José Carrillo
|
Batting: RHB Sergio Solíz
|
0-0: Ground out 4-3 (Groundball, 4)
|
Batting: LHB Alan Moore
|
0-0: Called Strike 0-1: Ball 1-1: Foul Ball, location: 2F 1-2: Reached on error, E1 (Groundball, 15S)
|
Batting: RHB Leonard Harris
|
0-0: Swinging Strike 0-1: Foul Ball, location: 2F Balk! Alan Moore to second 0-2: Ball 1-2: Ball 2-2: Foul Ball, location: 2F 2-2: Strikes out swinging
|
Batting: RHB Mario Carranza
|
0-0: Ball 1-0: Ball 2-0: Foul Ball, location: 2F 2-1: Ball 3-1: Ground out 6-3 (Groundball, 56)
|
Top of the 3rd over - 0 runs, 0 hits, 1 error, 1 left on base; Bismark 3 - Balzac 0 |
BOTTOM OF THE 3RD |
Balzac Rams batting - Pitching for Bismark Border Guards : RHP Nick Clark
|
Batting: RHB Paul Spencer
|
0-0: Foul Ball, location: 2F 0-1: DOUBLE (Line Drive, 89D)
|
Batting: SHB Emílio Calvillo
|
0-0: Foul Ball, location: 2F 0-1: Called Strike 0-2: Foul Ball, location: 2F 0-2: SINGLE (Groundball, 4MD) Paul Spencer to third Runner from 3rd tries for Home, SAFE, throw made home
|
Batting: RHB Lynn Johnson
|
0-0: Ball 1-0: Foul Ball, location: 2F 1-1: Ball 2-1: Called Strike 2-2: Foul Ball, location: 2F 2-2: Strikes out swinging
|
Batting: RHB Jesús Velásquez
|
0-0: Fly out, F2 (Popup, 2LF)
|
Batting: LHB Greg Sharpe
|
0-0: Called Strike 0-1: Called Strike 0-2: Ball Emílio Calvillo steals 2nd base 1-2: Foul Ball, location: 2F 1-2: Ball 2-2: Foul Ball, location: 2F 2-2: Strikes out swinging
|
Bottom of the 3rd over - 1 run, 2 hits, 0 errors, 1 left on base; Bismark 3 - Balzac 1 |
TOP OF THE 4TH |
Bismark Border Guards batting - Pitching for Balzac Rams : RHP José Carrillo
|
Batting: RHB Danny Spode
|
0-0: Foul Ball, location: 2F 0-1: Ball 1-1: SINGLE (Line Drive, 6D)
|
Pitching: LHP William Evans
|
|
Batting: LHB Kelsey Scott
|
0-0: Ball 1-0: Called Strike 1-1: Fielders Choice at 2nd, 6-4 (Groundball, 6)
|
Batting: RHB José Vidal
|
0-0: Called Strike 0-1: Ball 1-1: Fly out, F7 (Flyball, 78D)
|
Batting: RHB Alfredo Farías
|
0-0: Called Strike 0-1: Called Strike 0-2: SINGLE (Line Drive, 34) Kelsey Scott to second Kelsey Scott to third
|
Pitching: RHP Marvin Dixon
|
|
Batting: RHB Warren Martin
|
0-0: Fly out, F9 (Flyball, 89M)
|
Top of the 4th over - 0 runs, 2 hits, 0 errors, 2 left on base; Bismark 3 - Balzac 1 |
BOTTOM OF THE 4TH |
Balzac Rams batting - Pitching for Bismark Border Guards : RHP Nick Clark
|
Batting: LHB Fernando Cruz
|
0-0: Ball 1-0: Ball 2-0: SINGLE (Line Drive, 6M)
|
Batting: LHB Javier Orozco
|
0-0: Ball 1-0: Ball 2-0: Foul Ball, location: 2F 2-1: Ball 3-1: Called Strike 3-2: Fly out, F9 (Flyball, 89M)
|
Batting: RHB Lorenzo Silva
|
0-0: Ball Fernando Cruz is caught stealing 2nd base 1-0: Ball 2-0: Foul Ball, location: 2F 2-1: Called Strike 2-2: Ball 3-2: Strikes out swinging
|
Bottom of the 4th over - 0 runs, 1 hit, 0 errors, 0 left on base; Bismark 3 - Balzac 1 |
TOP OF THE 5TH |
Bismark Border Guards batting - Pitching for Balzac Rams : RHP Marvin Dixon
|
Pitching: RHP Félix González
|
|
Batting: RHB Sergio Solíz
|
0-0: SINGLE (Groundball, 6MD)
|
Batting: LHB Alan Moore
|
0-0: 2-RUN HOME RUN (Flyball, 89XD), Distance : 431 ft
|
Batting: RHB Leonard Harris
|
0-0: Foul Ball, location: 2F 0-1: Foul Ball, location: 2F 0-2: Foul Ball, location: 2F 0-2: Ball 1-2: Fly out, F7 (Flyball, 78D)
|
Batting: RHB Mario Carranza
|
0-0: Ball 1-0: Ball 2-0: Ball 3-0: Foul Ball, location: 2F 3-1: Base on Balls
|
Batting: RHB Danny Spode
|
0-0: Called Strike 0-1: Ball 1-1: Ball 2-1: Ball 3-1: Called Strike 3-2: Fly out, F7 (Flyball, 78D)
|
Batting: LHB Kelsey Scott
|
0-0: Called Strike 0-1: Ball 1-1: Foul Ball, location: 2F 1-2: Ball 2-2: Foul Ball, location: 2F 2-2: Ball 3-2: SINGLE (Line Drive, 9LS) Mario Carranza to second Mario Carranza to third
|
Batting: RHB José Vidal
|
0-0: Foul Ball, location: 2F 0-1: Ball 1-1: Ball 2-1: Ground out 1-3 (Groundball, 15)
|
Top of the 5th over - 2 runs, 3 hits, 0 errors, 2 left on base; Bismark 5 - Balzac 1 |
BOTTOM OF THE 5TH |
Balzac Rams batting - Pitching for Bismark Border Guards : RHP Nick Clark
|
Batting: LHB T.J. Richardson
|
0-0: Ball 1-0: SOLO HOME RUN (Flyball, 9D), Distance : 423 ft
|
Batting: RHB Paul Spencer
|
0-0: Called Strike 0-1: Fly out, F7 (Line Drive, 7D)
|
Batting: SHB Emílio Calvillo
|
0-0: Swinging Strike 0-1: Ball 1-1: Ball 2-1: Called Strike 2-2: Ball 3-2: Foul Ball, location: 2F 3-2: Base on Balls
|
Batting: RHB Lynn Johnson
|
0-0: Ball Emílio Calvillo steals 2nd base 1-0: Foul Ball, location: 2F 1-1: Ball 2-1: Called Strike 2-2: Strikes out swinging
|
Batting: RHB Jesús Velásquez
|
0-0: Ground out 5-3 (Groundball, 56)
|
Bottom of the 5th over - 1 run, 1 hit, 0 errors, 1 left on base; Bismark 5 - Balzac 2 |
TOP OF THE 6TH |
Bismark Border Guards batting - Pitching for Balzac Rams : RHP Félix González
|
Batting: RHB Alfredo Farías
|
0-0: Ball 1-0: Called Strike 1-1: Ball 2-1: Swinging Strike 2-2: Ball 3-2: Strikes out swinging
|
Batting: RHB Warren Martin
|
0-0: Foul Ball, location: 2F 0-1: Fly out, F9 (Flyball, 9S)
|
Batting: RHB Sergio Solíz
|
0-0: Ball 1-0: Ball 2-0: Called Strike 2-1: Called Strike 2-2: Ball 3-2: Foul Ball, location: 2F 3-2: Base on Balls
|
Batting: LHB Alan Moore
|
0-0: Ball 1-0: Ball Throwing error on steal attempt, E2 Sergio Solíz to third 2-0: Called Strike 2-1: Called Strike 2-2: Foul Ball, location: 2F 2-2: Foul Ball, location: 2F 2-2: SINGLE (Line Drive, 89S) Sergio Solíz scores
|
Batting: RHB Leonard Harris
|
0-0: Ball 1-0: Ball 2-0: Ball 3-0: Base on Balls Alan Moore to second
|
Batting: RHB Mario Carranza
|
0-0: Called Strike 0-1: Ball 1-1: Fielders Choice at 2nd, 6-4 (Groundball, 6)
|
Top of the 6th over - 1 run, 1 hit, 1 error, 2 left on base; Bismark 6 - Balzac 2 |
BOTTOM OF THE 6TH |
Balzac Rams batting - Pitching for Bismark Border Guards : RHP Nick Clark
|
Batting: LHB Greg Sharpe
|
0-0: Ball 1-0: Swinging Strike 1-1: DOUBLE (Line Drive, 78D)
|
Pitching: LHP David Vance
|
|
Batting: LHB Fernando Cruz
|
0-0: Called Strike Greg Sharpe steals 3rd base 0-1: Called Strike 0-2: Foul Ball, location: 2F 0-2: Ball 1-2: Strikes out swinging
|
Batting: LHB Javier Orozco
|
0-0: Ball 1-0: Foul Ball, location: 2F 1-1: Swinging Strike 1-2: Fly out, F6 (Line Drive, 6)
|
Batting: RHB Lorenzo Silva
|
0-0: Ball 1-0: Ball 2-0: Ball 3-0: Base on Balls
|
Batting: LHB T.J. Richardson
|
0-0: Ball 1-0: DOUBLE (Line Drive, 9D) Greg Sharpe scores Lorenzo Silva to third Runner from 3rd tries for Home, SAFE, no throw
|
Batting: RHB Paul Spencer
|
0-0: DOUBLE (Line Drive, 7D) T.J. Richardson scores
|
Pitching: RHP Jim Thompson
|
|
Batting: SHB Emílio Calvillo
|
0-0: DOUBLE (Line Drive, 9LM) Paul Spencer scores
|
Batting: RHB Lynn Johnson
|
0-0: Ball 1-0: Foul Ball, location: 2F 1-1: Swinging Strike 1-2: Ball 2-2: Ball 3-2: Foul Ball, location: 2F 3-2: SINGLE (Flyball, 7LS) Emílio Calvillo to third Emílio Calvillo scores
|
Batting: RHB Jesús Velásquez
|
0-0: Ground out 4-3 (Groundball, 4)
|
Bottom of the 6th over - 5 runs, 5 hits, 0 errors, 1 left on base; Bismark 6 - Balzac 7 |
TOP OF THE 7TH |
Bismark Border Guards batting - Pitching for Balzac Rams : RHP Félix González
|
Batting: RHB Danny Spode
|
0-0: SINGLE (Groundball, 6MD)
|
Batting: LHB Kelsey Scott
|
0-0: Fielders Choice at 2nd, 6-4 (Groundball, 6)
|
Pinch Hitting: RHB Vincent Braun
|
0-0: Ball 1-0: Called Strike 1-1: SINGLE (Groundball, 6S) (infield hit) Kelsey Scott to second
|
Pinch Hitting: LHB David Hernández
|
0-0: Foul Ball, location: 2F 0-1: Called Strike 0-2: Ball 1-2: Foul Ball, location: 2F 1-2: Ground out U3 (Groundball, 2R) Kelsey Scott to third Vincent Braun to second
|
Batting: RHB Warren Martin
|
0-0: Called Strike 0-1: Ball 1-1: DOUBLE (Line Drive, 78D) Kelsey Scott scores Vincent Braun scores
|
Batting: RHB Sergio Solíz
|
0-0: Foul Ball, location: 2F 0-1: Foul Ball, location: 2F 0-2: Ball 1-2: Strikes out swinging
|
Top of the 7th over - 2 runs, 3 hits, 0 errors, 1 left on base; Bismark 8 - Balzac 7 |
BOTTOM OF THE 7TH |
Balzac Rams batting - Pitching for Bismark Border Guards : RHP Jim Thompson
|
Now at 3B: David Hernández
|
|
Now at SS: Manuel Duarte
|
|
Batting: LHB Greg Sharpe
|
0-0: SINGLE (Groundball, 6M) (infield hit)
|
Batting: LHB Fernando Cruz
|
0-0: Ball 1-0: Ground out 3-1 (Groundball, 34S) Greg Sharpe to second
|
Batting: LHB Javier Orozco
|
0-0: Called Strike Greg Sharpe steals 3rd base 0-1: Ball 1-1: Fly out, F7 (Flyball, 7S) Runner from 3rd tags up, SCORES, throw made
|
Batting: RHB Lorenzo Silva
|
0-0: Called Strike 0-1: Called Strike 0-2: Strikes out swinging
|
Bottom of the 7th over - 1 run, 1 hit, 0 errors, 0 left on base; Bismark 8 - Balzac 8 |
TOP OF THE 8TH |
Bismark Border Guards batting - Pitching for Balzac Rams : RHP Félix González
|
Batting: LHB Alan Moore
|
0-0: Ball 1-0: Ball 2-0: Ball 3-0: Base on Balls
|
Pinch Runner at 1st Júlio Romano:
|
|
Batting: RHB Leonard Harris
|
0-0: SINGLE (Line Drive, 7S) Júlio Romano to second Runner from 2nd tries for 3rd, SAFE, throw made to third
|
Batting: RHB Mario Carranza
|
0-0: Called Strike 0-1: Ball 1-1: Ball 2-1: Ball 3-1: Called Strike 3-2: DOUBLE (Groundball, 3L) Júlio Romano scores Leonard Harris to third
|
Batting: RHB Danny Spode
|
0-0: Ball Passed Ball! Leonard Harris scores Mario Carranza to third 1-0: Ball 2-0: Ground out U3 (Groundball, 34S)
|
Batting: LHB Kelsey Scott
|
0-0: Intentional Walk
|
Pinch Hitting: SHB Richard Griffin
|
0-0: Ball 1-0: Ball 2-0: Called Strike 2-1: Foul Ball, location: 2F 2-2: Fly out, F8 (Flyball, 89D) Runner from 3rd tags up, OUT at HOME
|
Top of the 8th over - 2 runs, 2 hits, 0 errors, 1 left on base; Bismark 10 - Balzac 8 |
BOTTOM OF THE 8TH |
Balzac Rams batting - Pitching for Bismark Border Guards : RHP Jim Thompson
|
Now at 1B: Richard Griffin
|
|
Now at SS: Manuel Pérez
|
|
Batting: LHB T.J. Richardson
|
0-0: Called Strike 0-1: Swinging Strike 0-2: Ball 1-2: Strikes out swinging
|
Batting: RHB Paul Spencer
|
0-0: Called Strike 0-1: Ball 1-1: Fly out, F7 (Flyball, 78D)
|
Batting: SHB Emílio Calvillo
|
0-0: Foul Ball, location: 2F 0-1: SINGLE (Line Drive, 78S)
|
Batting: RHB Lynn Johnson
|
0-0: Called Strike 0-1: Ball 1-1: Foul Ball, location: 2F 1-2: Strikes out swinging
|
Bottom of the 8th over - 0 runs, 1 hit, 0 errors, 1 left on base; Bismark 10 - Balzac 8 |
TOP OF THE 9TH |
Bismark Border Guards batting - Pitching for Balzac Rams : RHP Félix González
|
Batting: LHB David Hernández
|
0-0: Ball 1-0: Foul Ball, location: 2F 1-1: Ball 2-1: Ball 3-1: Base on Balls
|
Pitching: RHP Sam Lynch
|
|
Batting: RHB Warren Martin
|
0-0: Ball 1-0: Sac Bunt - play at first, batter OUT! 2-4 David Hernández to second
|
Batting: RHB Sergio Solíz
|
0-0: Foul Ball, location: 2F 0-1: Called Strike 0-2: Ball 1-2: Ball 2-2: Ground out U3 (Groundball, 34S) David Hernández to third
|
Batting: LHB Manuel Pérez
|
0-0: Foul Ball, location: 2F 0-1: Fly out, F8 (Line Drive, 8RD)
|
Top of the 9th over - 0 runs, 0 hits, 0 errors, 1 left on base; Bismark 10 - Balzac 8 |
BOTTOM OF THE 9TH |
Balzac Rams batting - Pitching for Bismark Border Guards : RHP Jim Thompson
|
Pitching: RHP César Rodríguez
|
|
Now in LF: Oliver Sánchez
|
|
Batting: RHB Jesús Velásquez
|
0-0: Fly out, F8 (Flyball, 78M)
|
Batting: LHB Greg Sharpe
|
0-0: Called Strike 0-1: Foul Ball, location: 2F 0-2: Fly out, F8 (Flyball, 8LM)
|
Batting: LHB Fernando Cruz
|
0-0: SINGLE (Groundball, 4D)
|
Pinch Runner at 1st Will Elliott:
|
|
Batting: LHB Javier Orozco
|
0-0: Ball 1-0: DOUBLE (Groundball, 3L) Will Elliott to third
|
Batting: RHB Lorenzo Silva
|
0-0: Foul Ball, location: 2F 0-1: Ball 1-1: Ball 2-1: Ground out 5-3 (Groundball, 56S)
|
Bottom of the 9th over - 0 runs, 2 hits, 0 errors, 2 left on base; Bismark 10 - Balzac 8 |
|